 Dungeon Crawl Stone Soup version 0.28.0-43-g3370ac3207 (webtiles) character file.

Game seed: 15164916219039947723

1100 Revguard the Skirmisher (level 8, 0/70 HPs)
             Began as a Hill Orc Fighter on Mar 11, 2022.
             Was a Follower of Beogh.
             Slain by a gnoll
             ... wielding a +0 club
              (2 damage)
             ... on level 7 of the Dungeon.
             The game lasted 00:12:41 (4302 turns).

Revguard the Skirmisher (Hill Orc Fighter)          Turns: 4302, Time: 00:12:43

Health: 0/70       AC: 13    Str: 19    XL:     8   Next: 32%
Magic:  10/10      EV:  8    Int:  8    God:    Beogh [*.....]
Gold:   114        SH:  5    Dex: 12    Spells: 7/7 levels left

rFire   . . .      SeeInvis .   a - +1 war axe
rCold   + . .      Faith    .   c - +0 buckler
rNeg    . . .      Spirit   .   i - +0 chain mail
rPois   .          Reflect  .   h - +2 helmet
rElec   .          Harm     .   (no cloak)
rCorr   .          Rampage  .   (no gloves)
Will    .....                   (no boots)
Stlth   ..........              e - amulet of the acrobat
HPRegen 0.21/turn               j - ring of protection from cold
MPRegen 0.12/turn               (no ring)

@: no status effects
A: no striking features
a: Renounce Religion


You were on level 7 of the Dungeon.
You worshipped Beogh.
Beogh was aware of your devotion.
You visited 1 branch of the dungeon, and saw 6 of its levels.

You collected 114 gold pieces.

Inventory:

Hand Weapons
 a - a +1 war axe (weapon)
Armour
 c - a +0 buckler (worn)
 h - a +2 helmet (worn)
 i - a +0 chain mail (worn)
Jewellery
 e - an amulet of the acrobat (around neck)
 j - a ring of protection from cold (left hand)
Scrolls
 b - a scroll of enchant armour
 k - a scroll of identify


   Skills:
 + Level 5.7 Fighting
 + Level 5.4 Axes
 + Level 5.1 Armour
 * Level 4.1 Dodging
 + Level 5.1 Shields
 + Level 3.7 Invocations


You had 7 spell levels left.
You didn't know any spells.
Your spell library was empty.

Dungeon Overview and Level Annotations

Branches:
Dungeon (7/15)
 Temple: D:4-7

Altars:
Dithmenos

Shops:
D:4 (

Annotations:
D:6 Menkaure
D:7 Dowan


Message History

Reactivating autopickup.
The jelly hits you but does no damage. You block the gnoll's attack.
The gnoll barely misses you. The jelly barely misses you.
There is a stone staircase leading up here.
You feel better. The jelly hits you but does no damage.
The gnoll hits you but does no damage.
You feel better.
Dowan casts a spell.
Dowan blinks!
The jelly hits you but does no damage. The gnoll hits you but does no damage.
You slash the jelly!
Your hands burn!
* * * LOW HITPOINT WARNING * * *
The jelly is heavily wounded.
You barely miss the gnoll. You block the gnoll's attack.
The jelly hits you but does no damage. The gnoll hits you but does no damage.
The gnoll barely misses you.
You hit the jelly.
Your hands burn!
* * * LOW HITPOINT WARNING * * *
The jelly is almost dead.
You barely miss the gnoll. The jelly hits you but does no damage.
You block the gnoll's attack.
The gnoll hits you from afar with a +0 halberd.
* * * LOW HITPOINT WARNING * * *
You barely miss the jelly.
The jelly is almost dead.
You barely miss the gnoll. The jelly hits you but does no damage.
The gnoll hits you but does no damage.
Dowan mumbles some strange words.
Dowan blinks!
The gnoll hits you from afar with a +0 halberd.
* * * LOW HITPOINT WARNING * * *
The gnoll hits you but does no damage. The jelly hits you but does no damage.
You slash the jelly!
You kill the jelly!
Beogh accepts your kill.
You slash the gnoll!
The gnoll hits you from afar with a +0 halberd.
* * * LOW HITPOINT WARNING * * *
The gnoll hits you with a +0 club.
You die...

#### ##### #..
##...## #.#
#.....###.###
#........g..#
#.....###g#.#
##...##
#.#ยง##.# #
##J## #@g5...# #
#.# ###.##.# #
#.# .# #
######.### .
#####g.J.....#
##
...g..#..#...#
......#......#
.........#.....
......#......###


You could see 3 gnolls and an ufetubus.

Vanquished Creatures
  Grinder (D:3)
  Duvessa (D:6)
  An ice beast (D:4)
  4 centaurs
  2 water moccasin skeletons (D:4)
  2 howler monkeys
  2 centaur zombies (D:6)
  A jelly (D:7)
  A bullfrog skeleton (D:3)
  2 iguanas
  An orc wizard (D:6)
  2 gnolls
  6 adders
  An ufetubus (D:6)
  2 adder skeletons (D:4)
  A dart slug (D:1)
  6 orcs
  7 ball pythons
  9 endoplasms
  A giant cockroach (D:3)
  4 goblins
  5 hobgoblins
  6 jackals
  4 kobolds
  A quokka (D:1)
  5 bats
  A jackal skeleton (D:4)
  3 rats
82 creatures vanquished.

Vanquished Creatures (others)
  An adder (D:3)
  2 orcs (D:3)
  A bat (D:3)
  3 plants (D:2)
7 creatures vanquished.

Grand Total: 89 creatures vanquished

Notes
Turn   | Place    | Note
-------+----------+-------------------------------------------
     0 | D:1      | Revguard the Hill Orc Fighter began the quest for the Orb.
     0 | D:1      | Reached XP level 1. HP: 19/19 MP: 1/1
   187 | D:1      | Reached XP level 2. HP: 23/27 MP: 2/2
   892 | D:2      | Found a faded altar of an unknown god.
   907 | D:2      | Reached skill level 1 in Dodging
   992 | D:2      | Reached XP level 3. HP: 5/33 MP: 3/3
  1607 | D:2      | Reached XP level 4. HP: 32/40 MP: 4/4
  1931 | D:3      | Identified the +9 hunting sling "Fogaciun" {vorpal, rF++
                  | rC- rCorr Dex+3}
  2081 | D:3      | Reached XP level 5. HP: 39/46 MP: 5/5
  2166 | D:3      | Noticed Grinder
  2175 | D:3      | Became a worshipper of Beogh the Brigand
  2180 | D:3      | Paralysed by Grinder for 7 turns
  2190 | D:3      | Killed Grinder
  2191 | D:3      | Reached skill level 1 in Invocations
  2548 | D:4      | Reached XP level 6. HP: 53/53 MP: 5/7
  2548 | D:4      | Found Rauhenam's Weapon Emporium.
  2756 | D:4      | Noticed an ice beast
  2759 | D:4      | Noticed a two-headed ogre
  3063 | D:4      | Killed an ice beast
  3285 | D:4      | Reached XP level 7. HP: 60/60 MP: 8/8
  3304 | D:4      | Reached skill level 5 in Fighting
  3751 | D:4      | You fall into a shaft and drop 3 floors!
  3976 | D:7      | Found a shadowy altar of Dithmenos.
  4266 | D:6      | Noticed Dowan
  4268 | D:6      | Noticed Duvessa
  4270 | D:6      | Reached * piety under Beogh
  4271 | D:6      | Reached skill level 5 in Axes
  4271 | D:6      | Reached XP level 8. HP: 48/69 MP: 10/10
  4278 | D:6      | Reached skill level 5 in Armour
  4278 | D:6      | Reached skill level 5 in Shields
  4279 | D:6      | Killed Duvessa
  4280 | D:6      | Noticed Menkaure
  4295 | D:6      | HP: 3/70 [Dowan/+0 dagger (4)]
  4302 | D:7      | HP: 2/70 [gnoll/+0 halberd (3)]
  4302 | D:7      | Slain by a gnoll

Illustrated notes

Levels and vault maps discovered:
D:1:      evilmike_arrival_crescent, layout_basic
D:2:      cheibrodos_old_hovel, layout_loops_ring,
          dreamdust_ecumenical_altar_statues
D:3:      layout_rooms, uniq_grinder
D:4:      layout_rooms, minmay_temple_entry_nine_rooms, serial_shops,
          nicolae_shop_bloodbath_and_beyond, hangedman_decor_peaks_small,
          st_stairs_11
D:6:      layout_cave_pools, kennysheep_mini, minmay_manual_mares, uniq_pikel,
          uniq_duvessa, uniq_menkaure
D:7:      layout_loops_cross, nicolae_overflow_crystal_walls,
          grunt_decor_one_mirror

Skill      XL: |  1  2  3  4  5  6  7  8 |
---------------+-------------------------+-----
Axes           | 3 4 5 |  5.4
Dodging        | 1 2 3 4 |  4.1
Fighting       | 4 5 |  5.7
Armour         | 4 5 |  5.1
Shields        | 4 5 |  5.1
Invocations    | 1 2 3 |  3.7

Action                   |  1- 3 |  4- 6 |  7- 9 || total
-------------------------+-------+-------+-------++-------
Melee: War axe           |    73 |   104 |    73 ||   250
Invok: Convert to Beogh  |       |     1 |       ||     1
  Use: Scroll            |       |     7 |     3 ||    10
       Potion            |       |     2 |     4 ||     6
Armor: Scale mail        |    38 |    10 |       ||    48
       Chain mail        |       |    50 |   119 ||   169
Dodge: Dodged            |    49 |    79 |    83 ||   211
Block: Buckler           |    26 |    28 |    50 ||   104
